 Dungeon Crawl Stone Soup version 0.28.0 (webtiles) character file.

Game seed: 6384585280936470712

3188 Fractals the Skirmisher (level 9, -3/45 (51) HPs)
             Began as a Spriggan Brigand on Feb 16, 2022.
             Was an Elder of Jiyva.
             Hit by a boomerang thrown by an orc warrior (15 damage)
             ... on level 8 of the Dungeon.
             The game lasted 00:22:02 (7509 turns).

Fractals the Skirmisher (Spriggan Brigand)          Turns: 7509, Time: 00:22:03

HP:   -3/45 (51)    AC:  5    Str: 15    XL:     9   Next: 64%
MP:   10/10         EV: 19    Int: 12    God:    Jiyva [****..]
Gold: 252           SH:  6    Dex: 19    Spells: 8/8 levels left

rFire   + + +      SeeInvis +   j - +5 short sword "Opiryrih" {vamp, rN++ rCorr}
rCold   + . .      Faith    .   y - +0 buckler
rNeg    + + .      Spirit   .   z - +2 robe {Will+}
rPois   .          Reflect  .   (helmet restricted)
rElec   .          Harm     .   c - +0 cloak
rCorr   +          Rampage  .   (gloves unavailable)
Will    ++...                   (boots unavailable)
Stlth   ++++......              i - amulet of regeneration
HPRegen 2.23/turn               w - +6 ring of strength
MPRegen 0.52/turn               (no ring)

@: heavily drained, very quick
A: very small, no large weapons, unfitting armour, see invisible, speed 3, cold
resistance 1, fire resistance 3
a: Renounce Religion, Oozemancy, Slimify


You were on level 8 of the Dungeon.
You worshipped Jiyva.
Jiyva was greatly pleased with you.
You visited 2 branches of the dungeon, and saw 9 of its levels.

You collected 329 gold pieces.
You spent 77 gold pieces at shops.

Inventory:

Hand Weapons
 b - the +3 trident of Honour {freeze, Str+2}
   (You found it on level 7 of the Dungeon)

   It freezes those it strikes, dealing additional cold damage.
   It can also slow down cold-blooded creatures.
   Str:       It affects your strength (+2).
 h - a +1 long sword of holy wrath
 j - the +5 short sword "Opiryrih" (weapon) {vamp, rN++ rCorr}
   (You found it on level 4 of the Dungeon)

   It occasionally heals its wielder for a portion of the damage dealt when it
   wounds a living foe.
   rN:        It greatly protects you from negative energy.
   rCorr:     It protects you from acid and corrosion.
 p - a +0 hand axe of electrocution
 B - a +2 short sword of flaming
Missiles
 d - 13 poisoned darts (quivered)
 e - 2 curare-tipped darts
 k - 95 stones
Armour
 c - a +0 cloak (worn)
 y - a +0 buckler (worn)
 z - a +2 robe of willpower (worn)
Magical Staves
 m - a staff of cold
 r - a staff of conjuration
Jewellery
 i - an amulet of regeneration (around neck)
 w - a +6 ring of strength (left hand)
Wands
 t - a wand of iceblast (6)
Scrolls
 f - 2 scrolls of identify
 n - 3 scrolls of blinking
 s - a scroll of enchant armour
 u - a scroll of fog
 A - a scroll of holy word
Potions
 a - a potion of invisibility
 g - 2 potions of degeneration {unknown}
 l - a potion of flight {unknown}
 q - 3 potions of attraction {unknown}
 v - 2 potions of heal wounds


   Skills:
 + Level 7.8 Fighting
 + Level 6.1 Short Blades
 - Level 2.0 Throwing
 - Level 5.0 Armour
 - Level 5.0 Dodging
 - Level 7.0 Stealth
 + Level 2.1 Shields


You had 8 spell levels left.
You didn't know any spells.
Your spell library contained the following spells:

 Spells                   Type           Power      Damage    Failure   Level
 Animate Skeleton         Necr           0%         N/A       56%         1
 Apportation              Tloc           0%         N/A       56%         1
 Summon Small Mammal      Summ           0%         N/A       56%         1
 Dazzling Flash           Conj/Hex       0%         N/A       90%         3
 Stone Arrow              Conj/Erth      0%         3d7       90%         3
 Animate Armour           Summ/Erth      0%         N/A       100%        4
 Iskenderun's Mystic Bla  Conj/Tloc      0%         2d3       100%        4
 Starburst                Conj/Fire      0%         6d3       100%        6
 Lehudib's Crystal Spear  Conj/Erth      0%         10d2      100%        8


Dungeon Overview and Level Annotations

Branches:
Dungeon (8/15)             Temple (1/1) D:4
   Lair: D:8-11

Altars:
Ashenzari
Cheibriados
Hepliaklqana
Qazlal
Trog
Uskayaw
Vehumet
Yredelemnul
The Shining One
Jiyva

Shops:
D:3 (   D:5 [   D:7 [

Annotations:
D:2 1 runed translucent door, Crazy Yiuf


Innate Abilities, Weirdness & Mutations

You are very small and have problems with some larger weapons.
You are too small for most types of armour.
You have supernaturally acute eyesight. (SInv)
You cover ground extremely quickly. (Speed+++)
Your flesh is cold resistant. (rC+)
Your flesh is almost immune to the effects of heat. (rF+++)


Message History

The orc warrior is moderately wounded.
The orc warrior misses you.
You hit the orc warrior but do no damage.
The orc warrior is moderately wounded.
The orc warrior hits you with a +0 short sword!
You closely miss the orc warrior.
The orc warrior is moderately wounded.
You hit the orc warrior.
You feel better.
The orc warrior is moderately wounded.
The orc warrior completely misses you.
You hit the orc warrior.
You feel better.
The orc warrior is heavily wounded.
The orc warrior misses you.
The orc warrior hits you with a +0 short sword.
You hit the orc warrior.
You feel better.
The orc warrior is heavily wounded.
The orc warrior completely misses you.
You hit the orc warrior but do no damage.
The orc warrior is heavily wounded.
The orc warrior closely misses you.
You hit the orc warrior but do no damage.
The orc warrior is heavily wounded.
You block the orc warrior's attack.
You hit the orc warrior but do no damage.
The orc warrior is heavily wounded.
The orc warrior hits you with a +0 short sword!
You hit the orc warrior but do no damage.
The orc warrior is heavily wounded.
The orc warrior completely misses you.
You hit the orc warrior but do no damage.
The orc warrior is heavily wounded.
The orc warrior hits you with a +0 short sword!
* * * LOW HITPOINT WARNING * * *
You hit the orc warrior but do no damage.
The orc warrior is heavily wounded.
You hit the orc warrior.
The orc warrior is heavily wounded.
The orc warrior barely misses you.
The orc warrior throws a boomerang.
The boomerang hits you!
You die...

#### ..# #... ##..####
#.########.......
#.#....##.#$..###
#....D..#......
#....#..#...### ###
#.............
###.####.###..#......
#...@.ooD........o...
###.#########.......#
#...........#.#...#.
#....######.#.#.....#
#...........#.#..#.#.
#......######.#.#.#.#
####....####.#......#.#.
...................#.#.#
###.##..####.#......#.#.


You could see a steam dragon, an orc warrior and an orc.

Vanquished Creatures
  Sigmund (D:3)
  Duvessa (D:6)
  3 sky beasts
  An ice beast (D:5)
  3 ogres
  3 centaurs
  4 phantoms
  2 bullfrogs (D:7)
  A water moccasin zombie (D:5)
  2 scorpions (D:5)
  A wyvern skeleton (D:7)
  A water moccasin skeleton (D:5)
  Dowan (D:6)
  5 wights (D:8)
  2 howler monkeys
  A bullfrog zombie (D:5)
  3 orc priests
  2 centaur zombies
  A bullfrog skeleton (D:5)
  3 hounds
  2 centaur skeletons
  2 iguanas
  2 orc wizards (D:7)
  A hound zombie (D:5)
  A hound skeleton (D:4)
  2 howler monkey zombies (D:5)
  11 gnolls
  A howler monkey skeleton (D:7)
  13 adders
  A shadow imp (D:7)
  An adder skeleton (D:4)
  3 worms (D:2)
  A dart slug (D:1)
  17 orcs
  9 ball pythons
  6 endoplasms
  7 giant cockroaches
  10 goblins
  10 hobgoblins
  4 jackals (D:2)
  6 kobolds
  3 quokkas
  10 bats
  3 frilled lizards
  6 rats
173 creatures vanquished.

Vanquished Creatures (others)
  A jelly (D:6)
  A bullfrog skeleton (D:5)
  An orc wizard (D:8)
3 creatures vanquished.

Grand Total: 176 creatures vanquished

Notes
Turn   | Place    | Note
-------+----------+-------------------------------------------
     0 | D:1      | Fractals the Spriggan Brigand began the quest for the Orb.
     0 | D:1      | Reached XP level 1. HP: 10/10 MP: 2/2
   184 | D:1      | Reached XP level 2. HP: 3/15 MP: 3/3
  1166 | D:2      | Identified the +6 short sword "Rauwaij" {distort, SInv}
  1211 | D:2      | Reached XP level 3. HP: 19/19 MP: 4/4
  1539 | D:2      | Found a faded altar of an unknown god.
  1933 | D:2      | Reached XP level 4. HP: 24/24 MP: 5/5
  2149 | D:2      | Found a runed translucent door.
  2150 | D:2      | Noticed Crazy Yiuf
  2628 | D:3      | Noticed Sigmund
  2657 | D:3      | Killed Sigmund
  2658 | D:3      | Reached XP level 5. HP: 20/29 MP: 6/6
  2711 | D:3      | Reached XP level 6. HP: 29/33 MP: 7/7
  2953 | D:3      | Found Gyhathuume's Weapon Shop.
  3088 | D:3      | Found a radiant altar of Vehumet.
  3139 | D:3      | Found a hide-covered altar of Uskayaw.
  3602 | D:4      | Identified the +5 short sword "Opiryrih" {vamp, rN++ rCorr}
  3641 | D:4      | Reached skill level 5 in Dodging
  3854 | D:4      | Reached XP level 7. HP: 34/37 MP: 8/8
  3866 | D:4      | Found a staircase to the Ecumenical Temple.
  3879 | Temple   | Entered the Ecumenical Temple
  3883 | Temple   | Became a worshipper of Jiyva Jywn the Shapeless
  3945 | D:4      | Reached skill level 5 in Short Blades
  4018 | D:4      | Reached skill level 1 in Armour
  4160 | D:5      | Entered Level 5 of the Dungeon
  4216 | D:5      | Found a snail-covered altar of Cheibriados.
  4448 | D:5      | Reached * piety under Jiyva
  4606 | D:5      | Reached skill level 5 in Fighting
  4699 | D:5      | Found a hazy altar of Hepliaklqana.
  4777 | D:5      | Reached XP level 8. HP: 25/43 MP: 9/9
  5075 | D:5      | Found Vecruloc's Armour Emporium.
  5244 | D:5      | Reached ** piety under Jiyva
  5833 | D:6      | Found a stormy altar of Qazlal.
  5910 | D:6      | Identified the +4 quarterstaff of the Hummingbird {flame,
                  | rC+}
  6004 | D:6      | Reached XP level 9. HP: 49/49 MP: 10/10
  6048 | D:6      | Identified the +0 plate armour of Midnight {+Inv Int+4}
  6095 | D:6      | Noticed Duvessa
  6095 | D:6      | Noticed Dowan
  6149 | D:6      | Killed Duvessa
  6150 | D:6      | Reached skill level 5 in Armour
  6160 | D:6      | Killed Dowan
  6289 | D:7      | Reached *** piety under Jiyva
  6337 | D:7      | Gained mutation: Your flesh is heat resistant. (rF+)
                  | [Jiyva's grace]
  6337 | D:7      | Gained mutation: Your flesh is very heat resistant. (rF++)
                  | [Jiyva's grace]
  6337 | D:7      | Gained mutation: Your flesh is almost immune to the effects
                  | of heat. (rF+++) [Jiyva's grace]
  6337 | D:7      | Gained mutation: Your flesh is cold resistant. (rC+)
                  | [Jiyva's grace]
  6357 | D:7      | Identified the +1 leather armour "Nonaugole" {rC+ Regen+
                  | Dex+2}
  6629 | D:7      | Found Jeas's Antique Armour Emporium.
  6634 | D:7      | Reached skill level 1 in Shields
  6644 | D:7      | Bought a glowing robe for 77 gold pieces
  6709 | D:7      | Reached **** piety under Jiyva
  6778 | D:7      | Identified the +3 trident of Honour {freeze, Str+2}
  7396 | D:8      | Found a glowing golden altar of the Shining One.
  7509 | D:8      | Hit by a boomerang thrown by an orc warrior

Illustrated notes

Levels and vault maps discovered:
D:1:      lemuel_arrival_hallway, layout_basic
D:2:      minmay_razor_zed, layout_basic, shapermc_ecumenical_altar_notcrosses,
          uniq_crazy_yiuf_cottage
D:3:      layout_basic, nicolae_uskayaw_suspiria, mainiacjoe_overflow_alcove_2,
          serial_shops, nicolae_shop_bloodbath_and_beyond, uniq_sigmund
D:4:      layout_gridville, temple_green, nicolae_concentric_dashed_squares_mild
D:5:      cheibrodos_fzero, layout_layer_cave, mainiacjoe_overflow_tiny_flanked,
          lemuel_crystal_altar, serial_shops, nicolae_shop_trees
D:6:      layout_rooms, nicolae_qazlal_eye_of_the_storm, uniq_duvessa
D:7:      layout_loops_corners, serial_shops, nicolae_shop_waterfront,
          minmay_crystal_room
D:8:      layout_basic, kennysheep_little_box, tso_metal_star,
          kennysheep_mini_moat, amcnicky_altar_gilded, serial_co_window_serial,
          co_window_corner_a, co_window_corner_a, co_window_of_opportunity_a,
          co_window_paths_a, co_window_paths_a, co_window_corner_cb,
          co_window_broadway_c, co_window_corner_b, co_window_broadway_a,
          co_window_broadway_a, glass_columns_a, glass_columns_a,
          glass_columns_a, minmay_joined_circles
Temple:   pf_slimified_temple

Skill      XL: |  1  2  3  4  5  6  7  8  9 |
---------------+----------------------------+-----
Stealth        | 6 7 |  7.0
Fighting       | 2 3 4 5 6 7 |  7.8
Short Blades   | 3 4 5 6 |  6.1
Dodging        | 4 5 |  5.0
Armour         | 2 4 5 |  5.0
Shields        | 2 |  2.1
Throwing       | |  2.0

Action                   |  1- 3 |  4- 6 |  7- 9 || total
-------------------------+-------+-------+-------++-------
Melee: Dagger            |   154 |   130 |       ||   284
       Punch             |     3 |     4 |     8 ||    15
       Short sword       |       |    49 |   462 ||   511
       Long sword        |       |       |    36 ||    36
Throw: Dart              |    20 |    10 |     2 ||    32
  Use: Scroll            |       |     6 |     4 ||    10
       Potion            |       |     1 |       ||     1
 Stab: Sleeping          |    13 |    15 |    11 ||    39
       Distracted        |       |       |     3 ||     3
Armor: Robe              |    28 |    17 |    46 ||    91
Dodge: Dodged            |   118 |   118 |   435 ||   671
Block: Buckler           |       |       |    35 ||    35
